Map: Oxide LE

Players

Asuna - Winner!

  • Race: Protoss Protoss

Neeb

  • Race: Protoss Protoss

Event: DreamHack SC2 Masters 2021 Winter

VOD

Have the link to the VOD?

Description

Time

  • Played on: Oct. 6, 2021, 4:20 p.m.
  • Length: 5:15

All games in this series

Show
View Real Time Build Order
Export as new Build Order

Asuna Protoss - Winner!

Build Orders: Proxy Void Ray 

Get SALT Encoding   

  12  0:00  Probe  
  13  0:12  Probe  
  14  0:19  Pylon  
  14  0:24  Probe  
  15  0:38  Gateway, Probe (Chrono Boost)  
  16  0:49  Assimilator, Probe (Chrono Boost)  
  17  0:54  Probe (Chrono Boost)  
  18  1:05  Probe  
  18  1:06  Assimilator  
  19  1:17  Probe (Chrono Boost)  
  20  1:25  Cybernetics Core  
  20  1:26  Zealot  
  20  1:28  Probe (Chrono Boost), Pylon  
  23  1:46  Probe  
  24  1:58  Probe  
  25  2:01  Stargate  
  25  2:03  Shield Battery  
  25  2:08  Stalker  
  27  2:18  Probe  
  27  2:21  Pylon  
  28  2:27  Warp Gate  
  28  2:37  Void Ray (Chrono Boost)  
  32  2:54  Pylon  
  32  3:05  Void Ray (Chrono Boost)  
  32  3:17  Gateway  
  36  3:20  Shield Battery x2  
  36  3:29  Shield Battery  
  36  3:34  Shield Battery  
  36  3:38  Pylon  
  36  3:45  Void Ray  
  36  3:46  Shield Battery  
  39  4:04  Shield Battery  
  39  4:15  Stalker  
  39  4:16  Stalker  
  37  4:19  Void Ray (Chrono Boost), Shield Battery  
  39  4:37  Shield Battery  
  39  4:44  Stalker  
  39  4:51  Shield Battery  
  37  4:55  Stalker  
Show
View Real Time Build Order
Export as new Build Order

Neeb Protoss 

Build Orders: Proxy Void Ray 

Get SALT Encoding   

  12  0:00  Probe  
  13  0:12  Probe  
  14  0:17  Pylon  
  14  0:24  Probe (Chrono Boost)  
  15  0:36  Gateway, Probe (Chrono Boost)  
  16  0:44  Probe (Chrono Boost)  
  16  0:46  Assimilator  
  17  0:51  Probe  
  17  0:54  Assimilator  
  18  1:03  Probe (Chrono Boost)  
  19  1:13  Pylon  
  19  1:15  Probe (Chrono Boost)  
  20  1:20  Probe (Chrono Boost)  
  20  1:23  Cybernetics Core  
  21  1:29  Probe  
  24  1:41  Probe  
  25  1:53  Probe  
  26  2:00  Stargate  
  26  2:01  Adept  
  26  2:05  Pylon  
  26  2:11  Probe  
  27  2:16  Pylon  
  27  2:18  Warp Gate  
  27  2:33  Stalker  
  27  2:34  Shield Battery  
  29  2:41  Void Ray (Chrono Boost)  
  29  2:50  Shield Battery  
  33  2:54  Shield Battery  
  33  3:00  Shield Battery  
  33  3:03  Stalker  
  34  3:18  Pylon  
  34  3:20  Void Ray (Chrono Boost)  
  38  3:38  Stalker  
  40  3:49  Pylon  
  40  3:51  Shield Battery  
  40  3:52  Shield Battery  
  40  3:53  Shield Battery  
  40  3:58  Void Ray  
  40  4:18  Stalker  
  42  4:33  Void Ray (Chrono Boost)  
  40  4:52  Gateway  
  38  4:54  Stalker, Gateway  

Tags
 
Add a new tag
Caveats
  • Supply blocks, unpowered buildings, or Contaminate may cause inaccurate times.
  • Supply counts are checked every 10 seconds.